 Dungeon Crawl Stone Soup version 0.30.0-20-g3615ddf2f0 (webtiles) character file.

Game seed: 10917572534036669342

110 qw the Chopper (level 4, -1/28 HPs)
             Began as a Gargoyle Fighter on June 1, 2023.
             Slain by Natasha (3 damage)
             ... on level 3 of the Dungeon.
             The game lasted 00:01:03 (1916 turns).

qw the Chopper (Gargoyle Fighter)                   Turns: 1916, Time: 00:01:03

Health: -1/28      AC: 13    Str: 21    XL:     4   Next: 91%
Magic:  4/4        EV:  7    Int:  9    God:
Gold:   128        SH:  4    Dex:  9    Spells: 3/3 levels left

rFire   . . .        Y - +2 war axe
rCold   . . .        c - +0 buckler
rNeg    + . .        j - +0 chain mail
rPois   inf          (no helmet)
rElec   +            o - +0 cloak
rCorr   .            (no gloves)
SInv    .            (no boots)
Will    +....        (no amulet) Stlth
                     e - ring of willpower
HPRegen 0.24/turn    (no ring)
MPRegen 0.09/turn

%: no passive effects
@: about to teleport
A: sickness immunity, AC +3, negative energy resistance 1, electricity
resistance, torment resistance 1, petrification resistance
a: no special abilities


You were on level 3 of the Dungeon.
You visited 1 branch of the dungeon, and saw 3 of its levels.

You collected 128 gold pieces.


Innate Abilities, Weirdness & Mutations

You are immune to sickness and miasma.
Your stone body is resilient. (AC +3)
You are immune to poison.
You resist negative energy. (rN+)
You are resistant to electric shocks. (rElec)
You are resistant to unholy torment.
You are immune to petrification.


   Skills:
 - Level 3.2 Fighting
 + Level 4.4 Axes
 - Level 3.2 Armour
 - Level 3.2 Shields


You had 3 spell levels left.
You didn't know any spells.
Your spell library was empty.

Inventory:

Hand Weapons
 l - a +0 whip
 Y - a +2 war axe (weapon)
Armour
 b - a +2 scale mail of cold resistance
 c - a +0 buckler (worn)
 j - a +0 chain mail (worn)
 o - a +0 cloak (worn)
Jewellery
 e - a ring of willpower (left hand)
Scrolls
 a - 4 scrolls of teleportation
 g - a scroll of amnesia {unknown}
 i - a scroll of identify
Potions
 d - 2 potions of might
 f - a potion of haste {unknown}
 h - a potion of invisibility {unknown}
 k - a potion of brilliance {unknown}
 m - a potion of degeneration {unknown}
 p - a potion of lignification {unknown}
 q - a potion of curing {unknown}

Dungeon Overview and Level Annotations

Branches:
Dungeon (3/15)

Altars:
Hepliaklqana

Shops:
D:1 :*[![

Annotations:
D:3 Natasha


Message History

Natasha is lightly wounded.
The cerulean imp hits you from afar with a +1 spear.
Natasha claws you.
You barely miss Natasha.
Natasha is lightly wounded.
The cerulean imp hits you but does no damage.
The cerulean imp hits you from afar with a +1 spear.
You block Natasha's attack.
The cerulean imp hits you from afar with a +1 spear.
You hit Natasha.
Natasha is moderately wounded.
The cerulean imp hits you from afar with a +1 spear.
Natasha claws you but does no damage.
The cerulean imp hits you but does no damage.
The cerulean imp closely misses you.
Natasha mumbles some strange words.
You hit Natasha.
Natasha is moderately wounded.
The cerulean imp barely misses you.
The cerulean imp hits you from afar with a +1 spear.
Natasha claws you.
The cerulean imp hits you but does no damage.
1914 ||| READING 5 scrolls of teleportation.
As you read the scroll of teleportation, it crumbles to dust.
You feel strangely unstable. The cerulean imp closely misses you.
The cerulean imp hits you but does no damage.
Natasha barely misses you.
The cerulean imp hits you from afar with a +1 spear.
You hit Natasha.
Natasha is heavily wounded.
The cerulean imp hits you but does no damage. x2
Natasha barely misses you.
The cerulean imp hits you but does no damage.
The cerulean imp closely misses you.
The cerulean imp hits you from afar with a +1 spear.
You hit Natasha.
Natasha is severely wounded.
Natasha claws you.
You die...

....###.#####.....#######.
..<........)......#
.##.#.#######.....#
..#.#.#####.......#######.
..#.#........#............
..#.#..####..#....#######.
..#.#..#..#..#....#
..#.#..#..........#
........<....#.#@.#
#.........#......h5..#
#...#..#.##..#...55.....
.....................###
.......#..........#..#
###....#.#...#..#.#..#
..................#..#
.####..#.#.#...#.## .#
.........#.....#.#


You could see Natasha and 3 cerulean imps.

Vanquished Creatures
  A hound (D:3)
  2 adders
  5 worms (D:2)
  A dart slug (D:1)
  4 bats
  5 endoplasms
  4 goblins
  3 hobgoblins (D:3)
  2 jackals (D:1)
  4 kobolds
  5 quokkas
  2 ball pythons
  3 frilled lizards
  2 rats
43 creatures vanquished.

Notes
Turn   | Place    | Note
-------+----------+-------------------------------------------
     0 | D:1      | qw the Gargoyle Fighter began the quest for the Orb.
     0 | D:1      | Reached XP level 1. HP: 14/14 MP: 1/1
     0 | D:1      | 0 ||| qw: Version: 0.2-a-102-gdf20003
     0 | D:1      | 0 ||| qw: Game counter: 743
     0 | D:1      | 0 ||| qw: Always use a shield: true
     0 | D:1      | 0 ||| qw: God list: Okawaru
     0 | D:1      | 0 ||| qw: Allow faded altars: false
     0 | D:1      | 0 ||| qw: Do Orc after D:15 true
     0 | D:1      | 0 ||| qw: Do second Lair branch before Depths: true
     0 | D:1      | 0 ||| qw: Lair rune preference: random
     0 | D:1      | 0 ||| qw: Plans: Normal, Zot:1-4, Slime:5, God:TSO, Crypt,
                  | Tomb, Pan, Hells, Abyss, Win
     0 | D:1      | 0 ||| PLANNING D:1-11
    32 | D:1      | Found Foti's Book Emporium.
    44 | D:1      | Reached skill level 2 in Axes
    77 | D:1      | Reached XP level 2. HP: 19/19 MP: 2/2
    78 | D:1      | Found Xynet's Distillery.
    80 | D:1      | Found Yrha's Antique Armour Shop.
    86 | D:1      | 86 ||| SHOPLISTING potion of heal wounds (65 gold, have
                  | 16).
    86 | D:1      | 86 ||| SHOPLISTING potion of might (52 gold, have 16).
    86 | D:1      | 86 ||| SHOPLISTING potion of mutation (104 gold, have 16).
    86 | D:1      | 86 ||| SHOPLISTING potion of resistance (130 gold, have
                  | 16).
    90 | D:1      | 90 ||| SHOPLISTING embroidered scarf (224 gold, have 16).
    90 | D:1      | 90 ||| SHOPLISTING glowing leather armour (140 gold, have
                  | 16).
   164 | D:1      | Found Doaf's General Store.
   173 | D:1      | 173 ||| SHOPLISTING 2 potions of curing (60 gold, have 16).
   173 | D:1      | 173 ||| SHOPLISTING potion of heal wounds (50 gold, have
                  | 16).
   173 | D:1      | 173 ||| SHOPLISTING potion of mutation (80 gold, have 16).
   173 | D:1      | 173 ||| SHOPLISTING scroll of enchant armour (75 gold, have
                  | 16).
   434 | D:1      | Found Mates's Antique Armour Shop.
   440 | D:1      | 440 ||| SHOPLISTING embroidered hat (168 gold, have 44).
   440 | D:1      | 440 ||| SHOPLISTING runed chain mail (180 gold, have 44).
   440 | D:1      | 440 ||| SHOPLISTING runed scale mail (168 gold, have 44).
   462 | D:1      | Reached skill level 3 in Axes
   582 | D:1      | 582 ||| UPGRADING to +0 cloak.
   587 | D:1      | 587 ||| UPGRADING to ring of willpower.
   588 | D:1      | 588 ||| READING scroll labelled FEYPTY SOHAI.
   589 | D:1      | 589 ||| READING scroll labelled XOV DOPEFUNED.
   590 | D:1      | 590 ||| READING scroll labelled QIDGHA REKLI.
   591 | D:1      | 591 ||| READING scroll labelled PUTOMO UTTAPS.
   592 | D:1      | 592 ||| READING scroll labelled YSUISA VINA.
   609 | D:2      | Found a hazy altar of Hepliaklqana.
   635 | D:2      | Reached XP level 3. HP: 11/23 MP: 3/3
   966 | D:2      | 966 ||| DROPPING +0 club.
  1197 | D:2      | Reached XP level 4. HP: 28/28 MP: 4/4
  1264 | D:2      | 1264 ||| Stepping ~*~*~tactically~*~*~ (stealth).
  1356 | D:2      | 1356 ||| UPGRADING to +0 chain mail.
  1366 | D:2      | 1366 ||| DROPPING +0 scale mail.
  1367 | D:2      | 1367 ||| READING 2 scrolls labelled QEKET OSMASA.
  1368 | D:2      | 1368 ||| READING scroll of enchant weapon.
  1368 | D:2      | 1368 ||| ENCHANTING +1 war axe.
  1439 | D:3      | Reached skill level 4 in Axes
  1903 | D:3      | Noticed Natasha
  1905 | D:3      | 1905 ||| Stepping ~*~*~tactically~*~*~ (hiding).
  1913 | D:3      | HP: 5/28 [Natasha (6)]
  1914 | D:3      | 1914 ||| READING 5 scrolls of teleportation.
  1915 | D:3      | HP: 1/28 [cerulean imp/+1 spear[Natasha] (2)]
  1916 | D:3      | Slain by Natasha

Levels and vault maps discovered:
D:1:      minmay_arrival_hallway, layout_basic, serial_shops, shop, shop, shop,
          shop, nicolae_shop_industrial_runoff
D:2:      layout_basic, basic_altar, st_stairs_3, nicolae_wormholes
D:3:      layout_basic, shapermc_ecumenical_altar_mp_vishouse, uniq_natasha

Skill      XL: |  1  2  3  4 |
---------------+-------------+-----
Axes           | 2 3 4 |  4.4
Fighting       | |  3.2
Armour         | |  3.2
Shields        | |  3.2

Action                     |  1- 3 |  4- 6 || total
---------------------------+-------+-------++-------
  Melee: War axe           |    96 |    39 ||   135
    Use: Scroll            |     5 |     3 ||     8
 Armour: Scale mail        |    43 |     6 ||    49
         Chain mail        |       |    19 ||    19
  Dodge: Dodged            |    28 |    22 ||    50
  Block: Buckler           |    10 |    11 ||    21

Table legend:
 A = Non-vault XP
 B = Vault XP
 C = Vault XP percentage of total XP
 D = Non-vault monster count
 E = Vault monster count
 F = Vault count percentage of total count
                 A         B        C        D         E       F
            +---------+---------+-------+---------+---------+-------
      Total |     135 |      23 |  14.6 |      37 |       6 |  14.0
            +---------+---------+-------+---------+---------+-------
        D:1 |      31 |       0 |   0.0 |      16 |       0 |   0.0
        D:2 |      31 |      23 |  42.6 |      11 |       6 |  35.3
        D:3 |      73 |       0 |   0.0 |      10 |       0 |   0.0
            +---------+---------+-------+---------+---------+-------
